 Dungeon Crawl Stone Soup version 0.31.0-32-g396128a36d (webtiles) character file.

Game seed: 1585082747237461784

153895 PaiMei the Lord of Darkness (level 17, -12/131 HPs)
             Began as a Demonspawn Necromancer on Apr 9, 2024.
             Was the Champion of Kikubaaqudgha.
             Incinerated by a deep elf pyromancer (17 damage)
             ... with a pyre arrow
             ... on level 1 of the Elven Halls.
             The game lasted 01:59:14 (59656 turns).

PaiMei the Lord of Darkness (DsNe)                 Turns: 59656, Time: 01:59:14

Health: -12/131    AC: 20    Str: 11    XL:     17   Next: 5%
Magic:  12/44      EV: 20    Int: 22    God:    Kikubaaqudgha [******]
Gold:   1860       SH: 11    Dex: 16    Spells: 22/45 levels left

rFire   . . .        z - +7 Throatcutter {drain, coup de grace}
rCold   . . .        W - +0 buckler
rNeg    . . .        e - +3 leather armour of the Lair of Beasts {Fly Str+3}
rPois   .            (helmet unavailable)
rElec   +            L - +1 cloak of Starlight {*Dazzle EV+4 Stlth--}
rCorr   .            l - +0 pair of gloves "Petul" {rElec}
SInv    .            N - +2 pair of boots
Will    +....        E - amulet of reflection Stlth
                     h - +4 ring of protection
HPRegen 0.41/turn    u - ring of magical power
MPRegen 0.29/turn

%: reflection
@: mighty, on fire, flying, slowed, glowing, studying Hexes, very slow
A: horns 3, slimy green scales 2, foul stench 1, powered by pain 3, corrupting
presence 1
a: Renounce Religion, Unearth Wretches, Torment, Brand Weapon With Pain, Receive
Forbidden Knowledge


You were on level 1 of the Elven Halls.
You worshipped Kikubaaqudgha.
Kikubaaqudgha was exalted by your worship.
You visited 6 branches of the dungeon, and saw 28 of its levels.
You also visited: Bailey and Ice Cave.

You collected 2473 gold pieces.
You spent 613 gold pieces at shops.

Inventory:

Hand Weapons
 z - the +7 Throatcutter (weapon) {drain, coup de grace}
   (You found it on level 6 of the Dungeon)
Missiles
 p - 8 atropa-tipped darts (quivered)
 x - 12 curare-tipped darts
 K - 4 datura-tipped darts
Armour
 e - the +3 leather armour of the Lair of Beasts (worn) {Fly Str+3}
   (You found it on level 3 of the Swamp)

   Str+3:     It affects your strength (+3).
   Fly:       It grants you flight.
 l - the +0 pair of gloves "Petul" (worn) {rElec}
   (You bought it in a shop on level 2 of the Orcish Mines)

   rElec:     It insulates you from electricity.
 L - the +1 cloak of Starlight (worn) {*Dazzle EV+4 Stlth--}
   (You found it in a bailey)

   *Dazzle:   It may blind those who miss an attack against the wearer in melee
   combat.
   EV+4:      It affects your evasion (+4).
   Stlth--:   It makes you much less stealthy.
 N - a +2 pair of boots (worn)
 W - a +0 buckler (worn)
Jewellery
 c - a ring of see invisible
 h - a +4 ring of protection (left hand)
 o - a ring of flight
 u - a ring of magical power (right hand)
 E - an amulet of reflection (around neck)
 Y - a ring of wizardry
Wands
 k - a wand of iceblast (40)
 G - a wand of mindburst (36)
 M - a wand of paralysis (15)
 P - a wand of polymorph (5)
 U - a wand of acid (6)
Scrolls
 d - 7 scrolls of teleportation
 f - 4 scrolls of enchant weapon
 i - 7 scrolls of fog
 m - 2 scrolls of fear
 n - a scroll of silence
 y - 5 scrolls of vulnerability
 B - 2 scrolls of acquirement
 F - 4 scrolls of revelation
 H - 4 scrolls of immolation
 I - 4 scrolls of enchant armour
 J - 4 scrolls of amnesia
 O - 2 scrolls of torment
 S - 2 scrolls of identify
 T - 2 scrolls of brand weapon
 Z - a scroll of poison
Potions
 a - a potion of haste
 b - 3 potions of magic
 g - 11 potions of curing
 j - 3 potions of heal wounds
 q - 2 potions of might
 s - 4 potions of invisibility
 t - 3 potions of enlightenment
 v - 3 potions of resistance
 w - 10 potions of ambrosia
 A - a potion of attraction
 C - 3 potions of brilliance
 Q - 2 potions of cancellation
Miscellaneous
 R - a phial of floods
 V - a phantom mirror


   Skills:
 - Level 11.1 Fighting
 + Level 12.0 Long Blades
 - Level 7.2 Armour
 - Level 9.0 Dodging
 - Level 2.3 Stealth
 - Level 6.3 Shields
 + Level 14.7 Spellcasting
 + Level 17.7 Necromancy
 + Level 4.5 Evocations


You had 22 spell levels left.
You knew the following spells:

 Your Spells              Type           Power      Damage    Failure   Level
a - Necrotise             Necr           100%       1d9       0%          1
b - Vampiric Draining     Necr           76%        2d11      0%          3
c - Animate Dead          Necr           76%        N/A       1%          4
d - Curse of Agony        Necr           76%        N/A       1%          5
e - Dispel Undead         Necr           76%        3d25      1%          4
f - Sublimation of Blood  Necr           76%        N/A       0%          2
g - Martyr's Knell        Necr/Summ      53%        N/A       1%          4

Your spell library contained the following spells:

 Spells                   Type           Power      Damage    Failure   Level
 Fugue of the Fallen      Necr           76%        N/A       0%          3
 Kiss of Death            Conj/Necr      100%       2d13      1%          1
 Death Channel            Necr           38%        N/A       1%          6
 Apportation              Tloc           32%        N/A       6%          1
 Magic Dart               Conj           64%        1d6       6%          1
 Slow                     Hex            64%        N/A       6%          1
 Sting                    Conj/Alch      64%        1d7       6%          1
 Summon Small Mammal      Summ           64%        N/A       6%          1
 Searing Ray              Conj           32%        2d5       10%         2
 Confusing Touch          Hex            16%        N/A       19%         3
 Dazzling Flash           Conj/Hex       32%        N/A       19%         3
 Gell's Gravitas          Tloc           16%        N/A       19%         3
 Inner Flame              Hex/Fire       16%        N/A       19%         3
 Sigil of Binding         Hex            16%        N/A       19%         3
 Stone Arrow              Conj/Erth      32%        3d9       19%         3
 Summon Ice Beast         Ice/Summ       16%        N/A       19%         3
 Teleport Other           Tloc           16%        N/A       19%         3
 Volatile Blastmotes      Fire/Tloc      32%        2d12      19%         3
 Animate Armour           Summ/Erth      32%        N/A       54%         4
 Flame Wave               Conj/Fire      16%        2d7       54%         4
 Fulminant Prism          Conj/Alch      8%         3d7       54%         4
 Leda's Liquefaction      Alch/Erth      8%         N/A       54%         4
 Sticky Flame             Fire/Alch      16%        2d5       54%         4
 Lee's Rapid Deconstruct  Erth           8%         3d7*      87%         5
 Summon Forest            Summ/Tloc      8%         N/A       87%         5
 Summon Mana Viper        Hex/Summ       16%        N/A       87%         5
 Bombard                  Conj/Erth      8%         9d2       100%        6
 Dispersal                Tloc           8%         N/A       100%        6
 Starburst                Conj/Fire      8%         6d4       100%        6
 Summon Cactus Giant      Summ           8%         N/A       100%        6
 Monstrous Menagerie      Summ           8%         N/A       100%        7
 Lehudib's Crystal Spear  Conj/Erth      8%         10d3      100%        8
 Maxwell's Capacitive Co  Air            8%         ∞         100%        8


Dungeon Overview and Level Annotations

Branches:
Dungeon (15/15)            Temple (1/1) D:4            Lair (5/5) D:11
  Swamp (4/4) Lair:3       Spider (0/4) Lair:2        Slime (0/5) Lair:5
    Orc (2/2) D:11            Elf (1/3) Orc:2        Vaults (0/5) D:13
 Depths (0/4) D:15         Bailey (visited)           IceCv (visited)

Altars:
Ashenzari
Cheibriados
Dithmenos
Fedhas
Gozag
Hepliaklqana
Kikubaaqudgha
Makhleb
Nemelex Xobeh
Okawaru
Qazlal
Ru
Sif Muna
Trog
Uskayaw
Vehumet
Wu Jian
Xom
Yredelemnul
Jiyva

Shops:
D:5 !   D:7 ?   D:11 ?   D:15 :   Orc:1 *   Orc:2 ([:*

Annotations:
D:7 Maurice
D:15 Azrael
Swamp:4 Lernaean hydra
Orc:1 Erolcha


Innate Abilities, Weirdness & Mutations

You have a pair of large horns on your head.
You are mostly covered in slimy green scales. (AC +3)
You may rarely emit foul miasma when damaged in melee.
You are powered by pain.
Your presence sometimes corrodes those you injure.


Message History

Something hits you but does no damage.
The deep elf pyromancer barely misses you.
You slash the deep elf pyromancer!
Your corrupting presence corrodes the deep elf pyromancer!
You drain the deep elf pyromancer.
The deep elf pyromancer convulses!
You headbutt the deep elf pyromancer.
You kill the deep elf pyromancer!
Kikubaaqudgha accepts your kill.
The fire elemental disappears in a puff of smoke!
The liquid fire burns you! Something hits you but does no damage.
The deep elf archer casts a spell.
The deep elf archer blinks!
The deep elf zephyrmancer mumbles some strange words.
The deep elf zephyrmancer blinks!
Something hits you!
You shake off some of the fire as you move.
The liquid fire burns you!
* * * LOW HITPOINT WARNING * * *
You focus on the pain.
You feel very mighty all of a sudden.
You hear some strange, mumbled words.
A shard of ice appears from out of thin air!
The shard of ice misses you.
The shard of ice hits the deep elf zephyrmancer!!
The deep elf zephyrmancer points at you and mumbles some strange words.
The bolt of lightning hits you! You resist.
* * * LOW HITPOINT WARNING * * *
The bolt of lightning hits something!
You hear a shout!
Things that are here:
a +0 long sword; a +0 ring mail; an elf corpse
Casting: Curse of Agony (safe; 1% risk of failure)
Confirm with . or Enter, or press ? or * to list all spells.
Aiming: Curse of Agony (safe; 1% risk of failure)
Press: ? - help, Shift-Dir - straight line, f - deep elf zephyrmancer
Aim: a deep elf zephyrmancer, wielding a +0 short sword and wearing a +0 chain mail of willpower (almost dead, chance to affect: 62%)
The deep elf zephyrmancer resists with significant effort.
The liquid fire burns you!
You die...
Kikubaaqudgha rasps: "You have failed me!
Welcome... death!"

#### ##..## ##....##
#######......##
e#.#####§){@e'.......######
e......).#####........'...##
.#######○# #........###...
#°# ##.......# #.## #.#
#........# #.# #.#
#........'...# #.#
#........###.# #.#
#........# #.# .. '........#
#.#


You could see a deep elf zephyrmancer.

Vanquished Creatures
  A tentacled monstrosity (Swamp:3)
  Kirke (Lair:5)
  A fenstrider witch (Swamp:1)
  The ghost of 0gre the Thaumaturge, a journeyman GnIE of Ashenzari (Lair:5)
  An orc warlord (Orc:2)
  The ghost of Winotaur the Severer, a journeyman MiBe of Trog (Lair:4)
  2 eleionomae
  4 bunyips
  A shambling mangrove (Swamp:3)
  The ghost of Zapai the Nimble, a journeyman DgAr (Lair:2)
  2 ghost crabs
  Erica (Orc:1)
  14 hydras
  9 centaur warriors
  5 two-headed ogres
  4 alligators
  A tengu warrior (D:15)
  A deep troll earth mage (D:14)
  3 boulder beetles
  2 death yaks
  Sonja (D:12)
  4 spriggans
  3 orc high priests
  3 deep elf knights
  A skeletal warrior (D:13)
  4 spriggan druids
  2 skysharks (Lair:3)
  3 goliath frogs
  7 bog bodies
  2 deep elf archers
  A lindwurm (Lair:3)
  2 orc knights
  8 swamp dragons
  3 ugly things
  9 deep elf pyromancers
  A wolf spider (Lair:5)
  3 manticores (D:13)
  3 orc sorcerers
  10 deep elf zephyrmancers
  6 cyclopes
  10 elephants
  3 will-o-the-wisps
  9 black mambas
  4 kobold blastminers
  A guardian serpent (Lair:5)
  4 centaur skeletons (D:13)
  3 torpor snails
  5 komodo dragons
  2 kobold demonologists
  12 cane toads
  A rime drake (Lair:1)
  Psyche (D:12)
  3 yaktaurs (D:13)
  6 trolls
  2 queen bees
  4 tyrant leeches
  9 blink frogs
  14 polar bears
  2 raiju (Lair:5)
  7 hornets
  Prince Ribbit (D:8)
  2 water elementals (D:15)
  A spriggan (shapeshifter) (D:15)
  3 wraiths
  14 wyverns
  2 shadows
  A vampire (D:10)
  10 wargs
  39 yaks
  2 basilisks
  2 fire elementals (D:15)
  2 hogs
  3 redbacks
  20 vampire mosquitoes
  11 swamp worms
  An acid dragon (D:12)
  20 water moccasins
  14 hell hounds
  Duvessa (D:7)
  3 ice beasts
  5 swamp drakes
  A sky beast (shapeshifter) (D:14)
  A sky beast (D:7)
  15 black bears
  41 orc warriors
  12 ogres
  16 centaurs
  2 boggarts (D:14)
  23 wolves
  3 phantoms
  8 bullfrogs
  20 kobold brigands
  3 scorpions
  A gnoll sergeant (D:13)
  An earth elemental (Elf:1)
  5 wights (D:6)
  Dowan (D:7)
  35 killer bees
  7 howler monkeys
  6 electric eels
  3 bombardier beetles
  6 hounds
  22 orc priests
  4 jellies (D:7)
  3 gnoll boudas
  3 iguanas
  Jessica (D:2)
  A sleepcap (D:6)
  32 orc wizards
  3 hell rats (Lair:5)
  9 gnolls
  14 adders
  2 ufetubi (D:5)
  2 dart slugs (D:4)
  2 ribbon worms (D:2)
  103 orcs
  5 ball pythons
  8 endoplasms
  4 giant cockroaches
  7 goblins
  4 hobgoblins
  4 jackals (D:3)
  18 kobolds
  5 quokkas
  3 bats (D:2)
  3 frilled lizards
  4 rats
867 creatures vanquished.

Vanquished Creatures (collateral kills)
  Jorgrun (Swamp:2)
  An eleionoma (Swamp:1)
  5 hydras
  2 alligators (Swamp:1)
  A hell hog (Lair:5)
  A spriggan (Swamp:1)
  A swamp dragon (Swamp:4)
  5 bog bodies (Swamp:4)
  A deep elf pyromancer (D:15)
  4 elephants
  2 orc knights
  A cyclops (D:14)
  A kobold blastminer (Orc:1)
  A yaktaur (D:13)
  2 komodo dragons
  2 hornets
  3 blink frogs
  A tyrant leech (Swamp:1)
  5 dream sheep (Lair:5)
  A centaur simulacrum (D:11)
  4 yaks
  A water elemental (D:15)
  3 wyverns
  2 wargs
  3 basilisks
  2 vampire mosquitoes
  2 swamp worms
  3 redbacks (Lair:2)
  7 water moccasins
  2 hell hounds (Lair:5)
  2 orc warriors
  An ogre (D:13)
  3 swamp drakes
  2 wolves (Lair:5)
  A boggart (D:14)
  A centaur (D:15)
  2 electric eels (Lair:5)
  An orc wizard (Orc:1)
  4 hell rats (Lair:5)
  11 orcs
  A ball python (D:2)
  A rat (D:2)
  A butterfly (Lair:1)
101 creatures vanquished.

Vanquished Creatures (others)
  A fenstrider witch (Swamp:1)
  An ogre mage (D:13)
  2 spriggan berserkers (Swamp:1)
  A deep elf knight (Elf:1)
  An alligator zombie (Swamp:1)
  2 centaur zombies (D:15)
  A komodo dragon (Lair:3)
  A swamp worm zombie (Swamp:1)
  5 hydra zombies
  A tyrant leech (Swamp:1)
  2 boulder beetle zombies (D:15)
  A dream sheep (Lair:3)
  A water elemental (D:15)
  A warg (Orc:1)
  A skyshark zombie (Lair:3)
  A water moccasin (Lair:3)
  2 two-headed ogre zombies
  2 cane toad zombies
  2 orc warriors
  An elephant zombie (Lair:3)
  A dream sheep zombie (Lair:3)
  5 blink frog zombies (Lair:3)
  A boggart (D:14)
  A centaur (D:13)
  2 komodo dragon zombies
  A yaktaur zombie (D:13)
  2 hell hound zombies (Lair:5)
  A water moccasin zombie (Lair:5)
  A cyclops zombie (Orc:1)
  2 warg zombies
  A wyvern zombie (Lair:5)
  4 yak zombies (Lair:5)
  A troll zombie (Orc:2)
  3 polar bear zombies
  A wolf zombie (Lair:5)
  An orc priest (Orc:2)
  2 black bear zombies
  A kobold zombie (D:13)
  An ogre zombie (D:13)
  27 orc zombies
  A swamp drake zombie (Swamp:4)
  An orc (Orc:1)
  26 foxfires
117 creatures vanquished.

Grand Total: 1085 creatures vanquished

Notes
Turn   | Place    | Note
-------+----------+-------------------------------------------
     0 | D:1      | PaiMei the Demonspawn Necromancer began the quest for the
                  | Orb.
     0 | D:1      | Reached XP level 1. HP: 13/13 MP: 3/3
   526 | D:1      | Gained mutation: You sometimes gain a little power by
                  | taking damage. [demonic ancestry]
   526 | D:1      | Reached XP level 2. HP: 19/19 MP: 1/5
   732 | D:2      | Noticed Jessica
   736 | D:2      | Killed Jessica
   737 | D:2      | Gained mutation: You are partially covered in slimy green
                  | scales. (AC +2) [demonic ancestry]
   737 | D:2      | Reached XP level 3. HP: 23/24 MP: 2/6
  1223 | D:2      | Reached skill level 1 in Fighting
  1223 | D:2      | Reached XP level 4. HP: 32/32 MP: 0/7
  1332 | D:2      | Reached skill level 5 in Necromancy
  2211 | D:3      | Gained mutation: You sometimes gain power by taking damage.
                  | [demonic ancestry]
  2211 | D:3      | Reached XP level 5. HP: 37/37 MP: 2/9
  3439 | D:4      | Noticed a black bear
  3452 | D:4      | Reached XP level 6. HP: 29/45 MP: 6/11
  3475 | D:4      | HP: 2/45 [black bear (3)]
  4508 | D:4      | Found a staircase to the Ecumenical Temple.
  4520 | Temple   | Entered the Ecumenical Temple
  4541 | Temple   | Learned a level 3 spell: Vampiric Draining
  4546 | Temple   | Learned a level 4 spell: Animate Dead
  4749 | D:4      | Reached skill level 6 in Necromancy
  4749 | D:4      | Gained mutation: You may rarely emit foul miasma when
                  | damaged in melee. [demonic ancestry]
  4749 | D:4      | Reached XP level 7. HP: 52/52 MP: 8/12
  4858 | D:5      | Entered Level 5 of the Dungeon
  5290 | D:5      | Found Hadghiem's Distillery.
  5409 | D:5      | Bought a potion of heal wounds for 75 gold pieces
  5553 | D:5      | Found a stormy altar of Qazlal.
  5685 | D:5      | Gained mutation: You have a pair of small horns on your
                  | head. [demonic ancestry]
  5685 | D:5      | Reached XP level 8. HP: 35/60 MP: 0/14
  5927 | D:5      | Reached skill level 7 in Necromancy
  5979 | D:5      | Reached skill level 5 in Dodging
  5979 | D:5      | Reached skill level 5 in Spellcasting
  6151 | D:5      | Reached skill level 5 in Fighting
  7201 | D:6      | Found a snail-covered altar of Cheibriados.
  7719 | D:6      | Gained mutation: You have a pair of horns on your head.
                  | [demonic ancestry]
  7719 | D:6      | Reached XP level 9. HP: 67/68 MP: 10/17
  8049 | D:6      | Found the +7 Throatcutter {drain, coup de grace}
  8670 | D:6      | Reached skill level 8 in Necromancy
 10364 | D:6      | Learned a level 5 spell: Curse of Agony
 10369 | D:6      | Learned a level 4 spell: Dispel Undead
 10470 | D:7      | Noticed Dowan
 10472 | D:7      | Noticed Duvessa
 10478 | D:7      | Found Teempocs's Magic Scroll Emporium.
 10499 | D:7      | Killed Duvessa
 10592 | D:7      | Killed Dowan
 10724 | D:7      | Bought a scroll of blinking for 75 gold pieces
 10740 | D:7      | Bought a scroll of identify for 20 gold pieces
 10809 | D:7      | Noticed Maurice
 11279 | D:7      | Reached skill level 9 in Necromancy
 11719 | D:8      | Noticed Prince Ribbit
 11727 | D:8      | Reached XP level 10. HP: 77/77 MP: 7/20
 11731 | D:8      | Killed Prince Ribbit
 12691 | D:9      | Found an iron altar of Okawaru.
 12694 | D:9      | Found a flagged portal.
 12792 | Bailey   | Entered a bailey
 13278 | Bailey   | Found the +1 cloak of Starlight {*Dazzle EV+4 Stlth--}
 13283 | Bailey   | Found a bloodstained altar of Trog.
 13595 | D:9      | Found an ancient bone altar of Kikubaaqudgha.
 13890 | D:9      | Noticed a two-headed ogre
 13897 | D:9      | Killed a two-headed ogre
 13898 | D:9      | Reached skill level 10 in Necromancy
 14480 | D:9      | Became a worshipper of Kikubaaqudgha
 14499 | D:10     | Entered Level 10 of the Dungeon
 14747 | D:10     | Reached XP level 11. HP: 86/86 MP: 20/23
 14843 | D:10     | Noticed a centaur warrior
 14852 | D:10     | Killed a centaur warrior
 15107 | D:10     | Found a burning altar of Makhleb.
 15221 | D:10     | Found a radiant altar of Vehumet.
 15223 | D:10     | Found a shimmering altar of Xom.
 15225 | D:10     | Found a hide-covered altar of Uskayaw.
 15589 | D:11     | Found Omnecvee's Magic Scroll Boutique.
 15604 | D:11     | Reached * piety under Kikubaaqudgha
 15604 | D:11     | Received a gift from Kikubaaqudgha
 15618 | D:11     | Noticed a two-headed ogre
 15983 | D:11     | Killed a two-headed ogre
 16124 | D:11     | Found a staircase to the Lair.
 16129 | D:11     | Bought a scroll of blinking for 120 gold pieces
 16238 | D:11     | Noticed a boulder beetle
 16244 | D:11     | Killed a boulder beetle
 16245 | D:11     | Reached skill level 11 in Necromancy
 16648 | D:11     | Found a staircase to the Orcish Mines.
 16685 | D:11     | Reached ** piety under Kikubaaqudgha
 16784 | D:11     | Noticed a cyan ugly thing
 16817 | D:11     | Killed a cyan ugly thing
 16994 | D:11     | Identified a scroll of acquirement
 17115 | Lair:1   | Entered Level 1 of the Lair of Beasts
 17210 | Lair:1   | Reached skill level 1 in Long Blades
 17403 | Lair:1   | Reached XP level 12. HP: 87/97 MP: 25/25
 17779 | Lair:1   | Learned a level 2 spell: Sublimation of Blood
 17847 | Lair:2   | Reached skill level 10 in Fighting
 17852 | Lair:2   | Reached skill level 12 in Necromancy
 18094 | Lair:2   | Noticed a seven-headed hydra
 18096 | Lair:2   | Found a hole to the Spider Nest.
 18105 | Lair:2   | Killed a seven-headed hydra
 18238 | Lair:2   | Found a frozen archway.
 18251 | IceCv    | Entered an ice cave
 18297 | IceCv    | Reached *** piety under Kikubaaqudgha
 18297 | IceCv    | Received a gift from Kikubaaqudgha
 19006 | Lair:2   | Reached skill level 10 in Spellcasting
 19293 | Lair:2   | Found a transporter.
 19295 | Lair:2   | Found a transporter.
 19396 | Lair:2   | Noticed Zapai's ghost (journeyman DgAr)
 19723 | Lair:3   | Noticed a six-headed hydra
 20050 | Lair:3   | Killed a nine-headed hydra
 20665 | Lair:3   | Reached skill level 5 in Long Blades
 20730 | Lair:3   | Found a staircase to the Swamp.
 20792 | Lair:3   | Reached skill level 13 in Necromancy
 20792 | Lair:3   | Gained mutation: You are powered by pain. [demonic
                  | ancestry]
 20792 | Lair:3   | Reached XP level 13. HP: 85/106 MP: 2/27
 21483 | Lair:3   | Reached skill level 1 in Armour
 23911 | Lair:4   | Identified the +1 chain mail of the Trombone {Rampage rN++}
 24047 | Lair:4   | Found a runed translucent door.
 24049 | Lair:4   | Noticed Winotaur's ghost (journeyman MiBe)
 24221 | Lair:4   | Killed Winotaur's ghost
 24440 | Lair:5   | Entered Level 5 of the Lair of Beasts
 25343 | Lair:4   | Reached skill level 14 in Necromancy
 25607 | Lair:5   | Reached **** piety under Kikubaaqudgha
 25956 | Lair:5   | Gained mutation: You have a pair of large horns on your
                  | head. [demonic ancestry]
 25956 | Lair:5   | Reached XP level 14. HP: 77/113 MP: 29/29
 26258 | Lair:5   | Reached ***** piety under Kikubaaqudgha
 26272 | Lair:5   | Reached skill level 5 in Armour
 26391 | Lair:5   | Noticed Kirke
 26878 | Lair:5   | Killed Kirke
 29160 | Lair:5   | Found a runed translucent gate.
 29160 | Lair:5   | Found a runed translucent gate.
 29160 | Lair:5   | Found a runed translucent gate.
 29164 | Lair:5   | Noticed 0gre's ghost (journeyman GnIE)
 29338 | Lair:5   | Found a staircase to the Slime Pits.
 29338 | Lair:5   | Found a viscous altar of Jiyva.
 29464 | Lair:5   | Killed 0gre's ghost
 29465 | Lair:5   | Reached skill level 15 in Necromancy
 29570 | Lair:5   | Learned a level 4 spell: Martyr's Knell
 30181 | D:12     | Noticed Sonja
 30191 | D:12     | Killed Sonja
 30551 | D:12     | Noticed Psyche
 30557 | D:12     | Killed Psyche
 30557 | D:12     | Reached ****** piety under Kikubaaqudgha
 32554 | D:13     | Reached XP level 15. HP: 94/118 MP: 7/31
 32953 | D:13     | Found a gate to the Vaults.
 33671 | D:14     | Found a bloodstained altar of Trog.
 33938 | D:14     | Found a burning altar of Makhleb.
 34249 | D:14     | Reached skill level 1 in Shields
 34923 | D:15     | Entered Level 15 of the Dungeon
 35609 | D:15     | Noticed Azrael
 35998 | D:15     | Found Guytue's Book Emporium.
 38098 | D:15     | Found a staircase to the Depths.
 38607 | Orc:1    | Entered Level 1 of the Orcish Mines
 40133 | Orc:1    | Noticed Erica
 40145 | Orc:1    | Killed Erica
 40565 | Orc:2    | Entered Level 2 of the Orcish Mines
 40565 | Orc:2    | Found a staircase to the Elven Halls.
 40695 | Orc:2    | Reached skill level 16 in Necromancy
 40800 | Orc:2    | Reached skill level 10 in Long Blades
 40880 | Orc:2    | Found Juatz's Book Shoppe.
 42126 | Orc:2    | Found Sukitos's Antique Weapon Boutique.
 42131 | Orc:2    | Found Xudadd's Antique Armour Shop.
 42349 | Orc:2    | Found Zuagiasch's Assorted Antiques.
 42426 | Orc:2    | Bought a pair of fine gloves for 323 gold pieces
 42426 | Orc:2    | Identified the +0 pair of gloves "Petul" {rElec} (You
                  | bought it in a shop on level 2 of the Orcish Mines)
 42516 | Orc:1    | Noticed Erolcha
 42925 | Orc:1    | Found Xoxiev's General Store.
 43027 | Elf:1    | Entered Level 1 of the Elven Halls
 43239 | Swamp:1  | Entered Level 1 of the Swamp
 45178 | Swamp:1  | Reached skill level 5 in Shields
 45348 | Swamp:1  | Noticed a fenstrider witch
 45366 | Swamp:1  | Killed a fenstrider witch
 45642 | Swamp:1  | Gained mutation: You are mostly covered in slimy green
                  | scales. (AC +3) [demonic ancestry]
 45642 | Swamp:1  | Reached XP level 16. HP: 123/125 MP: 30/33
 46964 | Swamp:2  | Noticed Jorgrun
 46971 | Swamp:2  | Killed Jorgrun
 47002 | Swamp:2  | You fall into a shaft and drop 1 floor!
 49649 | Swamp:1  | Reached skill level 17 in Necromancy
 50398 | Swamp:2  | Identified the +0 buckler of the Trilobite {rC++}
 50998 | Swamp:3  | Noticed a tentacled monstrosity
 51224 | Swamp:4  | Entered Level 4 of the Swamp
 51762 | Swamp:3  | Identified the +3 leather armour of the Lair of Beasts {Fly
                  | Str+3}
 51990 | Swamp:3  | Killed a tentacled monstrosity
 52763 | Swamp:3  | Reached skill level 1 in Evocations
 57843 | Swamp:4  | Noticed the 27-headed Lernaean hydra
 58077 | Lair:2   | Killed Zapai's ghost
 58378 | Elf:1    | Found Pfinyome's Practical Paraphernalia.
 59505 | Elf:1    | Gained mutation: Your presence sometimes corrodes those you
                  | injure. [demonic ancestry]
 59505 | Elf:1    | Reached XP level 17. HP: 105/131 MP: 29/35
 59655 | Elf:1    | HP: 5/131 [deep elf zephyrmancer/bolt of lightning (14)]
 59656 | Elf:1    | Incinerated by a deep elf pyromancer

Illustrated notes

Levels and vault maps discovered:
D:1:      ebering_hopf_link, layout_loops_ring
D:2:      layout_basic, uniq_jessica
D:3:      layout_basic, gup_sewer_entry_spiral
D:4:      layout_loops_ring, temple_statues, serial_forest,
          infiniplex_forest_clump_tiny, infiniplex_forest_lined_room_2,
          infiniplex_forest_clump_small, infiniplex_forest_lined_room_3,
          infiniplex_forest_side_room, infiniplex_forest_straight_2,
          infiniplex_forest_lined_2
D:5:      layout_cave_pods, mainiacjoe_overflow_paths, minmay_shop_grid_forest,
          hangedman_minor_gate_pass
D:6:      layout_layer_cave, cheibriados_altar_1, dilly_guarded_unrand_throatcut
D:7:      layout_cave_pools, serial_shops, shop, minmay_hedge_maze,
          uniq_duvessa, uniq_maurice
D:8:      layout_rooms, nicolae_grassy_gnolls, uniq_prince_ribbit1
D:9:      layout_loops_cross, overflow_temple_1_default,
          kiku_gazebo_pond_becter, enter_bailey_5
D:10:     layout_rooms, zin_statuary, mainiacjoe_overflow_chevrons,
          grunt_temple_overflow_open
D:11:     layout_big_octagon, lair_entry_dummy, hiddenorc1_lemuel, serial_shops,
          shop, grunt_tough_drop
D:12:     layout_basic, hex_large, uniq_sonja, uniq_psyche
D:13:     layout_long_grid, hangedman_vaults_entry_quadrant_bands,
          kennysheep_windowed_goal
D:14:     layout_irregular_city, bloody_makhleb, trog_ov_bears_minmay
D:15:     hellmonk_depths_entry_around_the_bend, layout_basic, hex_intersection,
          serial_shops, shop, uniq_azrael
Temple:   nicolae_temple_ecumenical_triangle
Lair:1:   layout_roguey, hangedman_lair_unloving_vines, beast_lair_carwin_8,
          serial_bayou_shore_a, lemuel_fruit_fields
Lair:2:   hellmonk_destroyed_diamonds, layout_big_grid, spider_nest_entry_webs,
          gammafunk_ghost_hive, portal_ice_cave_entry_pillars_2,
          hibernation_bobbens
Lair:3:   layout_cave_pods, minmay_swamp_entry_swarm
Lair:4:   layout_loops_ring, ebering_ghost_inner_flame
Lair:5:   hangedman_lair_tendril_chambers, layout_regular_city,
          hangedman_lair_caniforms_friends, slime_entry_1, basic_altar,
          ebering_ghost_rock_garden, disabler_island, uniq_kirke
Swamp:1:  layout_basic_swamp, hangedman_swamp_diagram, swamp_pool_1_2,
          nicolae_swamp_tree_designs
Swamp:2:  layout_falls_marsh, infiniplex_staircase_pool, swamp_pool_1_2,
          nicolae_swamp_tree_isthmus, uniq_jorgrun
Swamp:3:  layout_basic_swamp, nicolae_swamp_some_circles, swamp_pool_4
Swamp:4:  grunt_swamp_rune_castle, layout_basic_swamp, swamp_pool_5
Orc:1:    layout_diamond_mine, special_room [special_room_bee], serial_shops,
          nicolae_shop_window_shopping, uniq_erolcha, uniq_erica
Orc:2:    grunt_orc_community_town_hall, layout_diamond_mine,
          grunt_orc_community_big_house_2, grunt_orc_community_big_house_1,
          grunt_orc_community_house_2, grunt_orc_community_house_1,
          grunt_orc_community_house_1, grunt_orc_community_house_3
Elf:1:    layout_gridlike, hangedman_elf_represent, nicolae_alphabet_shops

Skill      XL: |  1  2  3  4  5  6  7  8  9 10 11 12 13 14 15 16 17 |
---------------+----------------------------------------------------+-----
Stealth        | 2 |  2.3
Dodging        | 2 3 4 5 6 8 9 |  9.0
Fighting       | 1 2 3 4 5 6 8 9 11 | 11.1
Necromancy     | 5 6 7 9 10 11 13 14 15 16 17 | 17.7
Spellcasting   | 3 4 5 6 8 9 10 11 12 13 14 | 14.7
Long Blades    | 2 5 7 9 10 11 12 | 12.0
Armour         | 4 7 |  7.2
Shields        | 5 6 |  6.3
Evocations     | 4 |  4.5

Action                     |  1- 3 |  4- 6 |  7- 9 | 10-12 | 13-15 | 16-18 || total
---------------------------+-------+-------+-------+-------+-------+-------++-------
  Melee: Rapier            |     3 |    50 |    89 |       |       |       ||   142
         Punch             |       |       |     4 |     6 |     8 |       ||    18
         Whip              |       |       |    90 |       |       |       ||    90
         Headbutt          |       |       |    26 |    86 |   244 |    78 ||   434
         Long sword        |       |       |    19 |   375 |  1060 |   295 ||  1749
   Cast: Necrotise         |    44 |   129 |    92 |    46 |    28 |       ||   339
         Vampiric Draining |       |       |    84 |    54 |   107 |    33 ||   278
         Dispel Undead     |       |       |       |    24 |    26 |    13 ||    63
         Animate Dead      |       |       |       |    11 |    27 |    10 ||    48
         Curse of Agony    |       |       |       |    22 |    81 |    96 ||   199
         Martyr's Knell    |       |       |       |       |       |     1 ||     1
 Invoke: Unearth Wretches  |       |       |       |     1 |     1 |     1 ||     3
  Evoke: Wand              |       |       |       |       |       |     3 ||     3
    Use: Scroll            |       |       |     1 |    19 |    12 |     5 ||    37
         Potion            |       |       |     1 |       |    11 |     5 ||    17
   Stab: Sleeping          |       |       |     1 |       |       |       ||     1
         Invisible         |       |       |       |    18 |    38 |    10 ||    66
         Distracted        |       |       |       |     1 |     8 |       ||     9
 Armour: Robe              |    14 |     3 |       |       |       |       ||    17
         Ring mail         |       |   102 |   135 |       |   560 |   174 ||   971
         Leather armour    |       |       |   148 |   405 |   551 |   183 ||  1287
  Dodge: Dodged            |    12 |    80 |   258 |   650 |  1803 |   445 ||  3248
  Block: Other             |       |       |       |       |    30 |       ||    30
         Reflection        |       |       |       |       |    40 |    16 ||    56
         Buckler           |       |       |       |       |   488 |   247 ||   735
